 Dungeon Crawl Stone Soup version 0.18-a0-1027-g814d7dd (webtiles) character file.

139 Trivium the Skirmisher (level 5, 36/42 HPs)
             Began as a Demonspawn Fighter on Jan 7, 2016.
             Quit the game on level 3 of the Dungeon.
             The game lasted 00:03:31 (2097 turns).

Trivium the Skirmisher (Demonspawn Fighter)         Turns: 2097, Time: 00:03:31

Health: 36/42      AC: 16    Str: 17    XL:     5   Next: 1%
Magic:  6/6        EV:  2    Int: 10    God:
Gold:   105        SH:  9    Dex: 12    Spells: 0 memorised, 4 levels left

rFire  + . .     SeeInvis .     h - +0 hand axe (elec)
rCold  . . .     Gourm    .     k - +0 plate armour
rNeg   . . .     Faith    .     c - +0 shield
rPois  +         Spirit   .     (no helmet)
rElec  .         Dismiss  .     e - +2 cloak {+Inv}
rCorr  .         Reflect  .     (no gloves)
SustAt .         Harm     .     (no boots)
MR     .....                    (no amulet)
Stlth  ..........               (no ring)
                                u - ring of poison resistance

@: not resistant to hostile enchantments, extremely unstealthy
A: talons 1, slimy green scales 1, fire resistance 1
a: Evoke Invisibility


You were on level 3 of the Dungeon.
You were not hungry.

You visited 1 branch of the dungeon, and saw 3 of its levels.

You collected 105 gold pieces.

Inventory:

Hand Weapons
 a - a +0 war axe
 h - a +0 hand axe of electrocution (weapon)
Armour
 b - a +0 scale mail
 c - a +0 shield (worn)
 e - a +2 cloak of invisibility (worn)
 k - a +0 plate armour (worn)
Jewellery
 u - a ring of poison resistance (left hand)
Scrolls
 g - 2 scrolls of magic mapping {unknown}
 i - 2 scrolls of immolation {unknown}
 l - 2 scrolls of enchant weapon {unknown}
 m - 2 scrolls of amnesia {unknown}
 o - 3 scrolls of enchant armour {unknown}
 p - a scroll of fog {unknown}
 r - a scroll of fear {unknown}
 s - a scroll of identify {unknown}
Potions
 d - 2 potions of might
 j - a potion of heal wounds {unknown}
 q - 2 potions of brilliance {unknown}
 v - a potion of curing {unknown}
Comestibles
 f - 2 bread rations
 n - a meat ration
 t - a beef jerky


   Skills:
 + Level 3.9 Fighting
 + Level 2.1 Axes
 + Level 3.3 Armour
 + Level 0.3 Dodging
 + Level 3.4 Shields
 * Level 1.8 Evocations


You had 4 spell levels left.
You didn't know any spells.

Dungeon Overview and Level Annotations

Branches:
Dungeon (3/15)

Altars:
Xom


Innate Abilities, Weirdness & Mutations

You have sharp toenails.
You are partially covered in slimy green scales (AC +2).
Your flesh is heat resistant.


Message History

The crimson imp hits you but does no damage.
You miss the crimson imp.
The crimson imp hits you but does no damage.
You miss the crimson imp.
Your plate armour prevents you from hitting the crimson imp.
You block the crimson imp's attack. x2
You hit the crimson imp.
The crimson imp is lightly wounded.
You hit the crimson imp.
There is a sudden explosion of sparks!
The crimson imp is almost dead.
The crimson imp hits you but does no damage.
You block the crimson imp's attack. The crimson imp hits you.
You hit the crimson imp.
You kill the crimson imp!
You have reached level 5!
Your demonic ancestry asserts itself...
Your toenails lengthen and sharpen.
Your plate armour prevents you from hitting the crimson imp.
The crimson imp hits you but does no damage.
Are you sure you want to abandon this character and quit the game? (Confirm with "yes".)

#...........##.[..
#.#.....######.#### ###>#.....#
#.# #.........## #.#
###.#........## #.# ########
.........#..#<####.###.....†#####
#..........###......##.####......
#.........## ##5.......# #######
.........#.###).@...####
#...#######.#.#)....# ....#.#.#
##<##.....# ##..#.#.# ######.###
#####...### ##.### ....'._.'.#
#....# ###.#...#.## ##.#.#
#.#.#.#..# ###.# #.#.#.#..# #.#


You could see a crimson imp.

Vanquished Creatures
  A crimson imp (D:3)
  An adder (D:3)
  6 worms
  3 giant geckos
  6 orcs (D:3)
  6 giant cockroaches
  6 goblins
  6 hobgoblins
  7 jackals
  5 kobolds
  3 quokkas
  A ball python (D:2)
  8 bats
  4 giant newts
  5 rats
68 creatures vanquished.

Notes
Turn   | Place    | Note
--------------------------------------------------------------
     0 | D:1      | Trivium the Demonspawn Fighter began the quest for the Orb.
     0 | D:1      | Reached XP level 1. HP: 18/18 MP: 1/1
   366 | D:1      | Gained mutation: You are partially covered in slimy green scales (AC +2). [demonic ancestry]
   366 | D:1      | Reached XP level 2. HP: 24/24 MP: 2/2
   814 | D:2      | Reached skill level 1 in Evocations
   932 | D:2      | Reached XP level 3. HP: 29/29 MP: 3/3
  1628 | D:3      | Gained mutation: Your flesh is heat resistant. [demonic ancestry]
  1628 | D:3      | Reached XP level 4. HP: 36/36 MP: 4/4
  1968 | D:3      | Found a shimmering altar of Xom.
  2096 | D:3      | Gained mutation: You have sharp toenails. [demonic ancestry]
  2096 | D:3      | Reached XP level 5. HP: 36/42 MP: 6/6
  2097 | D:3      | Quit the game

Vault maps used:
D:1:      shiori_arrival_elements
D:3:      nicolae_tso_swordbearing_angel, first_bread, led_xom_imps

Action                   |  1- 3 |  4- 6 || total
-------------------------+-------+-------++-------
Melee: War axe           |    14 |       ||    14
       Hand axe          |   141 |    84 ||   225
  Use: Scroll            |     1 |       ||     1
  Eat: Chunk             |     2 |     2 ||     4
